 Dungeon Crawl Stone Soup version 0.32-a0-42-ga30500b4d3 (webtiles) character file.

Game seed: 6743264269571629451

340 pokeman the Magician (level 6, -2/34 HPs)
             Began as a Deep Elf Hedge Wizard on Jan 27, 2024.
             Slain by Pikel
             ... wielding a +2 whip of electrocution
              (20 damage)
             ... on level 4 of the Dungeon.
             The game lasted 00:08:03 (3992 turns).

pokeman the Magician (Deep Elf Hedge Wizard)        Turns: 3992, Time: 00:08:04

Health: -2/34      AC:  6    Str:  7    XL:     6   Next: 30%
Magic:  8/17       EV: 13    Int: 21    God:
Gold:   116        SH:  0    Dex: 14    Spells: 10/18 levels left

rFire   . . .        a - +0 dagger
rCold   . . .        (no shield)
rNeg    . . .        b - +0 robe
rPois   .            c - +0 hat
rElec   .            (no cloak)
rCorr   .            (no gloves)
SInv    .            (no boots)
Will    .....        (no amulet)
Stlth   ++           m - +4 ring of protection
HPRegen 0.25/turn    (no ring)
MPRegen 0.15/turn

%: no passive effects
@: no status effects
A: no striking features
a: no special abilities


You were on level 4 of the Dungeon.
You visited 1 branch of the dungeon, and saw 4 of its levels.

You collected 116 gold pieces.

Inventory:

Hand Weapons
 a - a +0 dagger (weapon)
Armour
 b - a +0 robe (worn)
 c - a +0 hat (worn)
Magical Staves
 g - a staff of conjuration
Jewellery
 m - a +4 ring of protection (left hand)
 o - a ring of fire
Scrolls
 e - 3 scrolls of identify {unknown}
 h - 3 scrolls of enchant weapon {unknown}
 j - a scroll of immolation {unknown}
 k - a scroll of poison {unknown}
 l - a scroll of noise {unknown}
 n - a scroll of teleportation {unknown}
 p - a scroll of blinking {unknown}
Potions
 d - a potion of magic
 f - a potion of ambrosia {unknown}
 i - a potion of attraction {unknown}
 q - a potion of might {unknown}


   Skills:
 + Level 1.4 Fighting
 - Level 1.0 Armour
 - Level 3.0 Dodging
 - Level 3.0 Stealth
 * Level 6.9 Spellcasting
 + Level 3.2 Conjurations
 - Level 1.1 Summonings
 - Level 1.1 Translocations
 - Level 1.1 Air Magic
 - Level 1.0 Alchemy
 - Level 1.0 Evocations


You had 10 spell levels left.
You knew the following spells:

 Your Spells              Type           Power      Damage    Failure   Level
a - Magic Dart            Conj           80%        1d7       2%          1
b - Mephitic Cloud        Conj/Alch/Air  14%        N/A       13%         3
c - Call Imp              Summ           22%        N/A       9%          2
d - Blink                 Tloc           22%        N/A       9%          2

Your spell library contained the following spells:

 Spells                   Type           Power      Damage    Failure   Level
 Slow                     Hex            28%        N/A       9%          1
 Cigotuvi's Dreadful Rot  Necr/Alch/Air  20%        N/A       10%         2
 Ensorcelled Hibernation  Hex/Ice        14%        N/A       14%         2
 Fugue of the Fallen      Necr           7%         N/A       26%         3
 Anguish                  Hex/Necr       3%         N/A       65%         4


Dungeon Overview and Level Annotations

Branches:
Dungeon (4/15)
 Temple: D:4-7

Altars:

Annotations:
D:3 Grinder
D:4 Pikel


Message History

Pikel is moderately wounded.
Pikel is engulfed in noxious fumes.
Pikel appears confused.
Pikel closely misses you.
The lemure is engulfed in noxious fumes.
The lemure appears confused.
The lemure hits the lemure.
Your cerulean imp hits Pikel but does no damage.
The lemure is engulfed in noxious fumes.
The lemure appears confused.
You barely miss Pikel.
Pikel is moderately wounded.
Pikel is engulfed in noxious fumes.
Pikel appears confused.
Pikel says, "Why is everything spinning?"
Pikel closely misses you.
The lemure is engulfed in noxious fumes.
The lemure appears confused.
The lemure closely misses Pikel.
The lemure hits itself.
Your cerulean imp hits Pikel with a -3 spear.
You completely miss Pikel.
Pikel is heavily wounded.
Your cerulean imp closely misses Pikel.
Unknown command.
The lemure is engulfed in noxious fumes.
The lemure appears confused.
Your cerulean imp hits Pikel but does no damage.
Pikel barely misses you.
You hit Pikel but do no damage.
Pikel is heavily wounded.
Your cerulean imp hits Pikel from afar with a -3 spear.
Pikel completely misses you.
Pikel hits himself with a +2 whip of electrocution.
You hit Pikel.
Pikel is heavily wounded.
Your cerulean imp hits Pikel but does no damage.
You hit Pikel but do no damage.
Pikel is heavily wounded.
Your cerulean imp hits Pikel but does no damage.
Pikel hits you with a +2 whip of electrocution!
You are electrocuted!!
Ouch! That really hurt!
You die...

...## ...#
#..#### #.....###
###.^##....
#..[....#
#.......#
#########.......#
......K@5..###..#
#.. .########.##
##.### #.. ##5..#
#...## #%. #..###
###..# #.. #.##
##.# #.. #.# #.#
#.. #...# ##.#
#.. ###.5
###..###.. #...
#...#.....


You could see Pikel (confused, ally target) and a friendly cerulean imp
(summoned).

Vanquished Creatures
  3 lemures (D:4)
  A scorpion (D:4)
  A howler monkey (D:4)
  An orc priest (D:2)
  An iguana (D:4)
  An orc wizard (D:2)
  3 gnolls (D:2)
  5 adders
  2 ribbon worms (D:3)
  An orc (D:2)
  2 bats (D:1)
  9 endoplasms
  4 giant cockroaches
  3 goblins
  6 hobgoblins
  8 jackals
  A quokka (D:1)
  8 ball pythons
  6 frilled lizards
  4 kobolds
  6 rats
76 creatures vanquished.

Vanquished Creatures (collateral kills)
  A gnoll (D:2)
1 creature vanquished.

Grand Total: 77 creatures vanquished

Notes
Turn   | Place    | Note
-------+----------+-------------------------------------------
     0 | D:1      | pokeman the Deep Elf Hedge Wizard began the quest for the
                  | Orb.
     0 | D:1      | Reached XP level 1. HP: 10/10 MP: 7/7
   331 | D:1      | Reached XP level 2. HP: 15/15 MP: 2/9
  1087 | D:1      | Reached skill level 5 in Spellcasting
  1242 | D:1      | Reached XP level 3. HP: 20/20 MP: 9/11
  1246 | D:1      | Learned a level 3 spell: Mephitic Cloud
  1249 | D:1      | Learned a level 2 spell: Call Imp
  1252 | D:1      | Learned a level 2 spell: Blink
  1763 | D:2      | Reached skill level 1 in Fighting
  1763 | D:2      | Reached skill level 1 in Armour
  2177 | D:2      | Reached XP level 4. HP: 2/25 MP: 0/13
  2664 | D:3      | Noticed Grinder
  2718 | D:2      | Reached skill level 6 in Spellcasting
  2718 | D:2      | Reached XP level 5. HP: 26/29 MP: 8/15
  3223 | D:3      | Paralysed by Grinder for 5 turns
  3239 | D:3      | Paralysed by Grinder for 4 turns
  3515 | D:3      | Paralysed by Grinder for 5 turns
  3642 | D:3      | Paralysed by Grinder for 5 turns
  3649 | D:3      | Paralysed by Grinder for 4 turns
  3681 | D:4      | Reached skill level 1 in Alchemy
  3681 | D:4      | Reached skill level 1 in Evocations
  3712 | D:4      | Reached skill level 1 in Air Magic
  3712 | D:4      | Reached XP level 6. HP: 34/34 MP: 1/17
  3963 | D:4      | Noticed Pikel
  3992 | D:4      | Slain by Pikel

Illustrated notes

Levels and vault maps discovered:
D:1:      dpeg_arrival_stone_temple_mockup, layout_basic
D:2:      layout_basic, serial_aquarium, aquarium_bridge_straight
          [aquarium_subvault_bridge, aquarium_subvault_window,
          aquarium_subvault_bridge, aquarium_subvault_window],
          aquarium_window_3, aquarium_window_fake, aquarium_view_2e,
          aquarium_view_2e, aquarium_pool_side, corexii_corridor_pit
D:3:      layout_rooms, hangedman_decor_slide_cut, uniq_grinder
D:4:      cheibrodos_greedy_goblins, layout_rooms, lemuel_doored_altar,
          minmay_temple_entry_crystal_x, chequers_serial_rivers_micro_a,
          nrook_uturn, uniq_natasha, uniq_edmund, uniq_pikel

Skill      XL: |  1  2  3  4  5 |
---------------+----------------+-----
Spellcasting   | 5 6 |  6.9
Conjurations   | 2 3 |  3.2
Fighting       | 1 |  1.4
Armour         | 1 |  1.0
Dodging        | 3 |  3.0
Stealth        | 3 |  3.0
Alchemy        | 1 |  1.0
Evocations     | 1 |  1.0
Air Magic      | 1 |  1.1
Summonings     | |  1.1
Translocations | |  1.1

Action                     |  1- 3 |  4- 6 || total
---------------------------+-------+-------++-------
  Melee: Dagger            |    31 |    51 ||    82
         Punch             |       |     1 ||     1
   Cast: Magic Dart        |   131 |   103 ||   234
         Mephitic Cloud    |       |     8 ||     8
         Blink             |       |     4 ||     4
         Call Imp          |       |     4 ||     4
   Stab: Confused          |       |     3 ||     3
 Armour: Robe              |    36 |    28 ||    64
  Dodge: Dodged            |    36 |    43 ||    79

Table legend: (Time is in decaauts)
 A = Elapsed time spent in this place.
 B = Non-inter-level travel time spent in this place.
 C = Inter-level travel time spent in this place.
 D = Time resting spent in this place.
 E = Time spent auto-exploring this place.
 F = Levels seen in this place.
 G = Mean time per level.
                   A        B        C        D        E       F      G
               +--------+--------+--------+--------+--------+-----+--------+
         Total |   3996 |   3789 |    207 |    500 |   2661 |   4 |  999.0 |
       Dungeon |   3996 |   3789 |    207 |    500 |   2661 |   4 |  999.0 |
               +--------+--------+--------+--------+--------+-----+--------+

Top non-repeatable levels by time:
     D:2: 1871 daAuts
     D:1: 1307 daAuts
     D:3: 498 daAuts
     D:4: 319 daAuts
